 Dungeon Crawl Stone Soup version 0.20.1-2-g1830e616b0 (webtiles) character file.

396 Alfie the Shooter (level 7, -1/52 HPs)
             Began as a Human Hunter on Jan 20, 2020.
             Slain by a scorpion (5 damage)
             ... on level 4 of the Dungeon.
             The game lasted 00:13:39 (2458 turns).

Alfie the Shooter (Human Hunter)                    Turns: 2458, Time: 00:13:39

Health: -1/52      AC:  3    Str: 15    XL:     7   Next: 9%
Magic:  7/7        EV: 12    Int: 11    God:
Gold:   148        SH:  0    Dex: 13    Spells: 6/6 levels left

rFire    . . .     SeeInvis .   b - +0 short sword
rCold    . . .     Gourm    .   (no shield)
rNeg     . . .     Faith    .   c - +0 leather armour
rPois    .         Spirit   .   (no helmet)
rElec    .         Reflect  .   (no cloak)
rCorr    .         Harm     .   (no gloves)
MR       .....                  (no boots)
Stlth    +.........             (no amulet)
Regen    0.2/turn               (no ring)
MPRegen  0.1/turn               (no ring)

@: lethally poisoned (-1 -> -15)
A: no striking features
a: no special abilities


You were on level 4 of the Dungeon.
You were not hungry.

You visited 1 branch of the dungeon, and saw 4 of its levels.

You collected 148 gold pieces.

Inventory:

Hand Weapons
 a - a +1 shortbow
 b - a +0 short sword (weapon)
 s - a +0 blowgun
Missiles
 t - 31 poisoned needles
Armour
 c - a +0 leather armour (worn)
 i - quicksilver dragon scales
Jewellery
 o - a cursed -5 ring of evasion {unknown}
Scrolls
 j - 7 scrolls of identify
 q - 2 scrolls of remove curse
Potions
 g - 2 potions of curing
 l - 2 potions of haste
 m - a potion of berserk rage {unknown}
 p - 2 potions of agility {unknown}
Comestibles
 f - 6 bread rations
 n - a royal jelly
 r - 2 meat rations


   Skills:
 + Level 3.4 Fighting
 + Level 1.3 Short Blades
 + Level 6.6 Bows
 + Level 1.7 Armour
 + Level 2.4 Dodging
 + Level 1.2 Stealth


You had 6 spell levels left.
You didn't know any spells.

Dungeon Overview and Level Annotations

Branches:
Dungeon (4/15)
 Temple: D:4-7

Altars:
Kikubaaqudgha
Sif Muna


Message History

You feel sick. The scorpion stings you!
You are lethally poisoned!
The scorpion poisons you!
You hit the scorpion but do no damage.
The scorpion is severely wounded.
You feel sick. The scorpion closely misses you.
You hit the scorpion.
The scorpion is severely wounded.
* * * LOW HITPOINT WARNING * * *
You feel sick. The scorpion stings you!
* * * LOW HITPOINT WARNING * * *
You hit the scorpion but do no damage.
The scorpion is severely wounded.
* * * LOW HITPOINT WARNING * * *
You feel sick. The scorpion barely misses you.
You closely miss the scorpion.
The scorpion is severely wounded.
* * * LOW HITPOINT WARNING * * *
You feel sick. The scorpion stings you.
You die...

#...........#
#####
.#..<......#
#.#.#.#####
#......#
###.##.##
#.......#
#.##.#..#
...##.#..#
.##......@# ..
#.##..#s#######
) ##.........#
#...#####.#
#....# #....#
#.#... #.#..(#
..#...#


You could see a scorpion.

Vanquished Creatures
  The ghost of Alfie the Shooter, an amateur HuHu (D:3)
  An orc wizard (D:3)
  Jessica (D:2)
  Natasha (thrice) (D:2)
  Terence (D:2)
  5 adders
  3 worms
  2 dart slugs
  2 leopard geckos
  4 orcs (D:3)
  6 bats
  A bat zombie (D:3)
  4 giant cockroaches
  6 goblins
  3 hobgoblins
  4 jackals (D:1)
  7 kobolds
  A ball python (D:3)
  7 frilled lizards
  3 rats
  3 rat zombies (D:3)
68 creatures vanquished.

Notes
Turn   | Place    | Note
-------+----------+-------------------------------------------
     0 | D:1      | Alfie the Human Hunter began the quest for the Orb.
     0 | D:1      | Reached XP level 1. HP: 16/16 MP: 1/1
   300 | D:1      | Reached XP level 2. HP: 22/22 MP: 2/2
   603 | D:1      | Reached XP level 3. HP: 27/27 MP: 3/3
   943 | D:2      | Noticed Terence
   951 | D:2      | Killed Terence
   951 | D:2      | Reached skill level 5 in Bows
   951 | D:2      | Reached XP level 4. HP: 29/33 MP: 4/4
  1070 | D:2      | Noticed Jessica
  1074 | D:2      | Killed Jessica
  1096 | D:2      | Noticed Natasha
  1098 | D:2      | Killed Natasha
  1098 | D:2      | Reached XP level 5. HP: 36/39 MP: 5/5
  1126 | D:2      | Noticed Natasha
  1147 | D:2      | Killed Natasha
  1147 | D:2      | Reached skill level 1 in Armour
  1203 | D:2      | Noticed Natasha
  1216 | D:2      | Killed Natasha
  1216 | D:2      | Reached skill level 6 in Bows
  1510 | D:2      | Reached XP level 6. HP: 32/46 MP: 6/6
  1671 | D:3      | Noticed Alfie's ghost (amateur HuHu)
  1687 | D:3      | HP: 2/46 [Alfie's ghost (3)]
  1691 | D:3      | Killed Alfie's ghost
  1691 | D:3      | Reached skill level 1 in Short Blades
  1818 | D:3      | Found an ancient bone altar of Kikubaaqudgha.
  1943 | D:3      | Reached XP level 7. HP: 42/52 MP: 7/7
  2270 | D:3      | Found a deep blue altar of Sif Muna.
  2458 | D:4      | Slain by a scorpion

Skill      XL: |  1  2  3  4  5  6 |
---------------+-------------------+-----
Bows           | 5 6 |  6.6
Armour         | 1 |  1.7
Fighting       | 3 |  3.4
Short Blades   | 1 |  1.3
Dodging        | |  2.4
Stealth        | |  1.2

Action                   |  1- 3 |  4- 6 |  7- 9 || total
-------------------------+-------+-------+-------++-------
Melee: Short sword       |       |    83 |    50 ||   133
 Fire: Shortbow          |    54 |   103 |    13 ||   170
  Use: Scroll            |     3 |     4 |       ||     7
       Potion            |       |     4 |       ||     4
  Eat: Meat ration       |       |     1 |       ||     1
Armor: Leather armour    |     4 |    28 |    16 ||    48
Dodge: Dodged            |     6 |    93 |    23 ||   122
